 Dungeon Crawl Stone Soup version 0.22.1-1-ga44c0e56f4 (webtiles) character file.

1137 Cykl0x the Chopper (level 8, -2/48 HPs)
             Began as a Gargoyle Berserker on Oct 7, 2018.
             Was a Priest of Trog.
             Slain by a water moccasin (5 damage)
             ... on level 6 of the Dungeon on Oct 8, 2018.
             The game lasted 00:17:38 (3633 turns).

Cykl0x the Chopper (Gargoyle Berserker)             Turns: 3633, Time: 00:17:40

Health: -2/48      AC: 17    Str: 22    XL:     8   Next: 36%
Magic:  8/8        EV: 11    Int:  8    God:    Trog [***...]
Gold:   189        SH:  0    Dex: 12    Spells: 7/7 levels left

rFire    . . .     SeeInvis .   v - +3 hand axe
rCold    . . .     Gourm    .   (no shield)
rNeg     + . .     Faith    .   t - +0 scale mail
rPois    ∞         Spirit   .   (no helmet)
rElec    +         Reflect  .   l - +2 cloak
rCorr    .         Harm     .   f - +0 pair of gloves
MR       +....                  (no boots)
Stlth    ..........             (no amulet)
HPRegen  0.16/turn              m - +2 ring of dexterity
MPRegen  0.11/turn              o - ring of protection from magic

@: no status effects
A: negative energy resistance 1, electricity resistance, unbreathing,
petrification resistance, rot immunity, AC +5
a: Berserk, Trog's Hand, Renounce Religion


You were on level 6 of the Dungeon.
You worshipped Trog.
Trog was most pleased with you.
You were not hungry.

You visited 1 branch of the dungeon, and saw 6 of its levels.

You collected 189 gold pieces.

Inventory:

Hand Weapons
 v - a +3 hand axe (weapon)
Missiles
 w - 2 poisoned javelins (quivered)
Armour
 f - a +0 pair of gloves (worn)
 l - a +2 cloak (worn)
 t - a +0 scale mail (worn)
Jewellery
 m - a +2 ring of dexterity (left hand)
 o - a ring of protection from magic (right hand)
 r - an uncursed ring of protection from fire
Scrolls
 a - a scroll of blinking
 d - 11 scrolls of remove curse
 i - a scroll of identify
 j - 2 scrolls of teleportation
 n - 3 scrolls of enchant armour
 p - a scroll of amnesia
 q - a scroll of enchant weapon
 u - a scroll of immolation
Potions
 b - 2 potions of brilliance
 e - 3 potions of degeneration
 g - a potion of flight
 k - 2 potions of lignification
Comestibles
 c - 8 rations
 s - a chunk of flesh


   Skills:
 + Level 4.9 Fighting
 + Level 7.2 Axes
 + Level 4.4 Armour
 + Level 3.4 Dodging
 + Level 1.0 Stealth


You had 7 spell levels left.
You didn't know any spells.
Your spell library was empty.

Dungeon Overview and Level Annotations

Branches:
Dungeon (6/15)             Temple (0/1) D:5

Altars:
Ru

Annotations:
D:6 Dowan


Innate Abilities, Weirdness & Mutations

You are resistant to torment.
Your stone body is resilient. (AC +5)
You are immune to poison.
You resist negative energy. (rN+)
You are resistant to electric shocks. (rElec)
You can survive without breathing.
You are immune to petrification.
You are immune to rotting.


Message History

The water moccasin completely misses you.
Dowan mumbles some strange words.
Dowan blinks!
The water moccasin bites you.
* * * LOW HITPOINT WARNING * * *
Throwing (i - inventory)
w - 3 poisoned javelins (quivered)
Press: ? - help, Shift-Dir - straight line, f - Dowan
Aim: Dowan, wielding a dagger and wearing a robe (severely wounded, fast)
You throw a poisoned javelin.
The poisoned javelin closely misses Dowan.
The water moccasin bites you but does no damage. x2
You hit the water moccasin.
The water moccasin is heavily wounded.
The water moccasin barely misses you.
You hit the water moccasin.
The water moccasin is severely wounded.
Dowan shakes with grief.
Dowan casts a spell at you. The stone arrow hits you!
The water moccasin barely misses you. The water moccasin bites you.
You die...

###... .#
#...#. .# ##
......# .#
.. (......
.# .#
....... .##
.#
.......#..#
.# #.....S#
## .####
#e@###.#
....########
###.#.#
.##....[...#
##.#
..#.<......#
#.#
#.#........#
##.##
..#........#
##...#
>.##.......#
#..#.#
#.##.......#
#....#
#.##.......#
#.####


You could see a water moccasin and Dowan.

Vanquished Creatures
  Pikel (D:4)
  Eustachio (D:4)
  Duvessa (D:6)
  An ice beast (D:5)
  A quasit (D:6)
  2 orc wizards (D:4)
  An orc priest (D:4)
  A centaur skeleton (D:4)
  2 bullfrog skeletons (D:5)
  An iguana (D:6)
  Terence (D:3)
  A worker ant (D:5)
  4 adders
  3 worms
  2 dart slugs
  3 leopard geckos
  6 orcs
  2 giant cockroaches
  5 hobgoblins
  7 jackals
  2 quokkas
  6 bats
  3 frilled lizards
  5 goblins
  6 kobolds
  5 rats
73 creatures vanquished.

Vanquished Creatures (others)
  A slave (D:4)
  An orc wizard (D:4)
  An adder (D:4)
  2 orcs (D:4)
5 creatures vanquished.

Grand Total: 78 creatures vanquished

Notes
Turn   | Place    | Note
-------+----------+-------------------------------------------
     0 | D:1      | Cykl0x the Gargoyle Berserker began the quest for the Orb.
     0 | D:1      | Reached XP level 1. HP: 14/14 MP: 1/1
   469 | D:1      | Reached XP level 2. HP: 12/19 MP: 2/2
   528 | D:1      | Reached skill level 3 in Axes
   868 | D:2      | Reached XP level 3. HP: 23/23 MP: 3/3
   904 | D:2      | Reached ** piety under Trog
  1279 | D:3      | Reached XP level 4. HP: 29/29 MP: 4/4
  1979 | D:3      | Noticed Terence
  1992 | D:3      | Killed Terence
  1992 | D:3      | Reached skill level 4 in Axes
  2056 | D:4      | Noticed Pikel
  2056 | D:4      | Noticed a slave
  2056 | D:4      | Noticed a slave
  2056 | D:4      | Noticed a slave
  2056 | D:4      | Noticed a slave
  2068 | D:4      | Killed Pikel
  2068 | D:4      | Reached skill level 5 in Axes
  2068 | D:4      | Reached XP level 5. HP: 5/34 MP: 5/5
  2068 | D:4      | Reached XP level 6. HP: 6/39 MP: 6/6
  2068 | D:4      | Reached XP level 7. HP: 7/44 MP: 7/7
  2073 | D:4      | Got a pair of bloodstained gloves
  2085 | D:4      | Identified the -3 pair of gloves "Vemm" {rF+ rN+ rCorr
                  | Dex-5} (You found it on level 4 of the Dungeon)
  2255 | D:4      | Reached skill level 6 in Axes
  2353 | D:4      | Noticed Eustachio
  2392 | D:4      | Killed Eustachio
  2392 | D:4      | Reached *** piety under Trog
  2828 | D:5      | Entered Level 5 of the Dungeon
  2886 | D:5      | Found a staircase to the Ecumenical Temple.
  2942 | D:5      | Found a sacrificial altar of Ru.
  2975 | D:5      | Reached XP level 8. HP: 36/48 MP: 8/8
  3532 | D:6      | Reached skill level 7 in Axes
  3580 | D:6      | Noticed Duvessa
  3580 | D:6      | Noticed Dowan
  3615 | D:6      | Killed Duvessa
  3615 | D:6      | Reached skill level 1 in Stealth
  3630 | D:6      | HP: 2/48 [water moccasin (4)]
  3633 | D:6      | Slain by a water moccasin

Skill      XL: |  1  2  3  4  5  6  7  8 |
---------------+-------------------------+-----
Axes           | 3 5 6 7 |  7.2
Dodging        | 2 3 |  3.4
Fighting       | 4 |  4.9
Armour         | 3 4 |  4.4
Stealth        | 1 |  1.0

Action                   |  1- 3 |  4- 6 |  7- 9 || total
-------------------------+-------+-------+-------++-------
Melee: Hand axe          |   120 |    44 |   177 ||   341
Throw: Javelin           |       |       |     1 ||     1
Invok: Berserk           |       |     1 |       ||     1
  Use: Scroll            |     8 |       |     8 ||    16
       Potion            |       |       |     2 ||     2
  Eat: Chunk             |     1 |     1 |       ||     2
       Ration            |       |     1 |     2 ||     3
Armor: Leather armour    |    56 |    10 |       ||    66
       Scale mail        |       |    20 |   131 ||   151
Dodge: Dodged            |    98 |    36 |   102 ||   236
